 Dungeon Crawl Stone Soup version 0.19-a0-1922-g1e9a4c1 (webtiles) character file.

366036 TheGoonsmith the Champion of Chaos (level 21, -9/180 HPs)
             Began as a Demonspawn Gladiator on Oct 24, 2016.
             Was the Champion of Makhleb.
             Mangled by a cyan very ugly thing (23 damage)
             ... on level 4 of the Depths.
             The game lasted 01:42:20 (44852 turns).

TheGoonsmith the Champion of Chaos (DsGl)          Turns: 44852, Time: 01:42:20

Health: -9/180     AC: 50    Str: 32    XL:     21   Next: 59%
Magic:  30/36      EV: 22    Int:  9    God:    Makhleb [******]
Gold:   2432       SH:  0    Dex: 20    Spells: 2 memorised, 16 levels left

rFire  + . .     SeeInvis +     a - +5 lajatang (speed)
rCold  . . .     Gourm    .     e - +4 crystal plate armour
rNeg   + . .     Faith    +     (shield currently unavailable)
rPois  .         Spirit   .     u - +2 helmet {SInv}
rElec  .         Reflect  .     i - +1 cloak of Ashenzari's Whim {MR+}
rCorr  .         Harm     .     (gloves unavailable)
MR     +++..                    A - +2 pair of boots
Stlth  ..........               E - amulet "Funoakil" {Faith Str+5}
                                t - ring of Echiocuf {rF+ rN+ MR+ Dex+2}
                                Q - +5 ring of evasion

@: mighty, about to teleport, sanguine armour
A: claws 3, demonic guardian 2, nightstalker 3, augmentation 1, sanguine armour
3
a: Minor Destruction, Lesser Servant of Makhleb, Major Destruction, Greater
Servant of Makhleb, Renounce Religion
}: 2/15 runes: decaying, serpentine


You were on level 4 of the Depths.
You worshipped Makhleb.
Makhleb was exalted by your worship.
You were not hungry.

You visited 7 branches of the dungeon, and saw 39 of its levels.
You visited 1 bazaar.
You also visited: Labyrinth.

You collected 5232 gold pieces.
You spent 2800 gold pieces at shops.

Inventory:

Hand Weapons
 a - a +5 lajatang of speed (weapon)
Missiles
 d - 4 throwing nets (quivered)
Armour
 e - a +4 crystal plate armour (worn)
 i - the +1 cloak of Ashenzari's Whim (worn) {MR+}
   (You acquired it on level 8 of the Dungeon)

   It affects your resistance to hostile enchantments.
 u - a +2 helmet of see invisible (worn)
 A - a +2 pair of boots (worn)
Rods
 c - a +4 iron rod (14/14)
   (You found it on level 12 of the Dungeon)
 F - a +2 rod of shadows (11/11)
   (You took it off a minotaur in a labyrinth)
Jewellery
 t - the ring of Echiocuf (right claw) {rF+ rN+ MR+ Dex+2}
   (You bought it in a shop on level 2 of the Orcish Mines)

   [ring of positive energy]

   It affects your dexterity (+2).
   It protects you from fire.
   It protects you from negative energy.
   It affects your resistance to hostile enchantments.
 E - the amulet "Funoakil" (around neck) {Faith Str+5}
   (You acquired it on level 3 of the Vaults)

   [amulet of faith]

   It allows you to gain divine favour quickly.
   It affects your strength (+5).
 G - the amulet of Liberty {+Rage rPois Str+4 Dex-4}
   (You bought it in a shop on level 2 of the Orcish Mines)

   [amulet of rage]

   It affects your strength (+4).
   It affects your dexterity (-4).
   It protects you from poison.
   It lets you go berserk.
 Q - a +5 ring of evasion (left claw)
 R - the ring "Arghuifi" {Ice rN+ MR+ MP+9 Str+3}
   (You found it on level 15 of the Dungeon)

   [ring of ice]

   It enhances your ice magic.
   It affects your strength (+3).
   It makes you vulnerable to fire.
   It protects you from cold.
   It protects you from negative energy.
   It affects your resistance to hostile enchantments.
   It affects your magic capacity (+9).
Wands
 h - a wand of paralysis (8/24)
 L - a wand of hasting (4/9)
 W - a wand of heal wounds (4/9)
 Y - a wand of teleportation (5/9)
Scrolls
 b - 2 scrolls of fear
 j - 11 scrolls of teleportation
 l - 4 scrolls of magic mapping
 n - 2 scrolls of summoning
 p - 17 scrolls of remove curse
 r - 14 scrolls of identify
 y - 2 scrolls of fog
 B - 4 scrolls of blinking
 N - 7 scrolls of recharging
 T - 2 scrolls of silence
Potions
 k - 3 potions of haste
 o - 2 potions of ambrosia
 q - 3 potions of might
 s - 5 potions of berserk rage
 x - 5 potions of invisibility
 D - 11 potions of curing
 H - a potion of cure mutation
 K - a potion of resistance
 P - 2 potions of cancellation
 S - 6 potions of flight
 U - 6 potions of magic
Books
 J - a book of Flames

   Spells                             Type                      Level
   a - Flame Tongue                   Conjuration/Fire             1
   b - Throw Flame                    Conjuration/Fire             2
   c - Conjure Flame                  Conjuration/Fire             3
   d - Inner Flame                    Hexes/Fire                   3
   e - Sticky Flame                   Conjuration/Fire             4
   f - Fireball                       Conjuration/Fire             5
 M - a book of Spatial Translocations

   Spells                             Type                      Level
   a - Blink                          Translocation                2
   b - Shroud of Golubria             Charms/Translocation         2
   c - Lesser Beckoning               Translocation                3
   d - Portal Projectile              Translocation                3
   e - Teleport Other                 Translocation                3
   f - Passage of Golubria            Translocation                4
Miscellaneous
 z - a lamp of fire
 C - 2 sacks of spiders
 V - a box of beasts
Comestibles
 f - 16 bread rations
 v - 27 beef jerkies
 I - 2 meat rations


   Skills:
 + Level 19.2 Fighting
 - Level 14.0 Staves
 - Level 1.7 Throwing
 + Level 16.7 Armour
 + Level 15.4 Dodging
 + Level 22.5 Invocations


You had 16 spell levels left.
You knew the following spells:

 Your Spells              Type           Power        Failure   Level  Hunger
e - Swiftness             Chrm/Air       #.......     100%        2    ###....
r - Repel Missiles        Chrm/Air       #.....       100%        2    ###....


Dungeon Overview and Level Annotations

Branches:
Dungeon (15/15)            Temple (0/1) D:6            Lair (6/6) D:11
  Swamp (4/4) Lair:2        Snake (4/4) Lair:2        Slime (0/5) Lair:5
    Orc (2/2) D:11            Elf (0/3) Orc:2        Vaults (4/5) D:13
  Crypt (0/3) Vaults:2     Depths (4/5) D:15

Altars:
Elyvilon
Fedhas
Hepliaklqana
Kikubaaqudgha
Makhleb
Trog
Uskayaw
Yredelemnul
Zin
The Shining One
Beogh
Lugonu

Shops:
D:14 *   D:15 }   Orc:2 ([=(   Vaults:4 *

Portals:
Hell: Depths:1 Depths:2 Depths:3 Depths:4
Abyss: Depths:2 Depths:4
Pandemonium: Depths:1 Depths:3

Annotations:
Lair:4 exclusion: oklob plant
Snake:3 exclusion: downstairs


Innate Abilities, Weirdness & Mutations

You have claws for hands.
A demonic guardian rushes to your aid.
You are completely attuned to the shadows.
Your magical and physical power is slightly enhanced at high health.
When seriously injured, your bleeding wounds create very thick armour. (AC +12)


Message History

You closely miss the cyan very ugly thing.
The cyan very ugly thing is moderately wounded.
The cyan very ugly thing closely misses you.
The fire dragon misses you. The fire dragon barely misses you.
The fire dragon tramples you but does no damage.
Unknown command.
As you read the scroll of teleportation, it crumbles to dust.
You feel strangely unstable.
The cyan very ugly thing basks in the mutagenic energy from its kin and changes!
The cyan very ugly thing tail-slaps you!
* * * LOW HITPOINT WARNING * * *
The cyan very ugly thing shocks you!!
* * * LOW HITPOINT WARNING * * *
The fire dragon closely misses you. The fire dragon barely misses you.
The fire dragon tramples you but does no damage.
You feel much better. The fire dragon closely misses you. x3
The cyan very ugly thing tail-slaps you!
* * * LOW HITPOINT WARNING * * *
The cyan very ugly thing shocks you!!
You die...

#...# #...#
#..#... #...#
#.....# #...##
#.$..#.
#.....####uu.#.#
........##u.#i#
.........#u#.#
..........#u##
..........#@#
......D.#D##
.......D#.#
....#C #. #


You could see 3 very ugly things, a fire dragon, an ice dragon and an ettin.

Vanquished Creatures
  Vashnia (Snake:3)
  4 golden dragons (Depths:2)
  7 liches
  A tentacled monstrosity (Depths:2)
  2 titans (Depths:2)
  2 quicksilver dragons
  4 sphinxes
  3 thorn hunters
  3 tengu reavers (Depths:2)
  7 nagarajas
  6 frost giants
  4 vault wardens
  4 fire giants
  A ghoul (Vaults:4)
  10 ironheart preservers
  17 very ugly things
  15 stone giants
  2 deep elf annihilators
  A merfolk javelineer (Depths:2)
  10 ettins
  A blizzard demon (Depths:1)
  Josephine (Lair:6)
  6 great orbs of eyes
  A deep elf death mage (Depths:4)
  7 yaktaur captains
  A minotaur (Lab)
  The ghost of tijit the Slicer, a journeyman OpAs of Okawaru (D:11)
  6 ice dragons
  5 rakshasas
  12 naga warriors
  9 fire dragons
  A monstrous demonspawn (Depths:1)
  5 vault guards
  Erolcha (Orc:2)
  4 spriggan air magi
  11 hydras
  2 death knights
  10 centaur warriors
  A ghost crab (Swamp:2)
  Erica (D:9)
  5 anacondas
  8 tengu warriors
  2 dancing weapons (D:13)
  12 ogre magi
  2 deep troll shamans
  6 alligators
  The ghost of Jraekied the Slinger, a novice DsHu of Makhleb (D:11)
  A hell hog (shapeshifter) (Depths:1)
  7 spriggan berserkers
  An orc high priest (Orc:2)
  4 deep troll earth magi
  13 naga sharpshooters
  8 shock serpents
  5 hell knights (Depths:4)
  3 sun demons (Depths:1)
  2 deep elf knights
  An iron troll (Depths:1)
  2 shadow wraiths
  2 skeletal warriors
  5 salamander mystics
  8 deep trolls
  8 swamp dragons
  8 unseen horrors
  3 flayed ghosts
  6 naga ritualists
  2 glowing orange brains
  6 wizards
  3 spriggan druids
  6 hill giants
  A harpy (Vaults:1)
  A lindwurm (shapeshifter) (Depths:2)
  A phantasmal warrior (Vaults:4)
  2 shambling mangroves
  13 orc knights
  9 mana vipers (Snake:4)
  5 ironbrand convokers
  A lindwurm (Lair:6)
  9 deep elf magi
  A necromancer (Depths:4)
  4 deep elf archers
  4 wolf spiders
  3 orc sorcerers (Orc:2)
  28 ugly things
  2 manticores
  3 large abominations (Depths:2)
  10 cyclopes
  2 elephants (shapeshifter) (Depths:1)
  23 salamanders
  28 black mambas
  9 guardian serpents
  Maurice (D:12)
  15 vault sentinels
  4 torpor snails
  8 elephants
  11 naga magi
  14 spiny frogs
  3 yaktaurs (shapeshifter)
  7 freezing wraiths
  2 komodo dragons (shapeshifter)
  21 yaktaurs
  12 komodo dragons
  2 tengu conjurers
  A hellwing (Depths:1)
  6 rime drakes (Lair:6)
  3 meliai (D:13)
  A queen bee (shapeshifter) (Depths:1)
  A meliai (shapeshifter) (Vaults:4)
  A queen bee (D:13)
  3 tyrant leeches
  9 trolls
  A troll (shapeshifter) (D:14)
  A hornet (shapeshifter) (Vaults:3)
  9 polar bears
  18 hornets
  Grinder (D:6)
  6 dream sheep (Lair:3)
  19 two-headed ogres
  A blink frog (shapeshifter) (Vaults:4)
  7 bog bodies
  A slime creature (shapeshifter) (Depths:2)
  A dream sheep (shapeshifter) (Depths:1)
  16 hippogriffs
  17 blink frogs
  17 slime creatures
  3 raiju (Lair:6)
  4 water elementals
  2 air elementals (Depths:4)
  A spriggan (shapeshifter) (Depths:1)
  10 spriggans
  A ynoxinul (Depths:1)
  4 shadows
  7 wyverns (Lair:6)
  2 wyverns (shapeshifter)
  26 yaks
  A steam dragon (D:13)
  5 wraiths
  7 basilisks
  A golden eye (shapeshifter) (Depths:2)
  Menkaure (D:6)
  2 chaos spawn (Depths:2)
  3 hungry ghosts
  14 vampire mosquitoes
  9 wargs
  3 mottled dragons
  45 nagas
  12 swamp worms
  16 water moccasins
  7 hell hounds (Lair:6)
  10 insubstantial wisps
  4 porcupines
  Duvessa (D:5)
  A floating eye (Depths:3)
  11 black bears (Lair:6)
  7 sky beasts
  5 ice beasts
  12 swamp drakes
  An eye of draining (D:11)
  3 phantoms
  28 orc warriors
  A necrophage (D:7)
  4 boggarts
  47 ogres
  10 wolves (Lair:6)
  12 centaurs
  16 crocodiles
  2 big kobolds
  23 bullfrogs
  Blork the orc (D:5)
  A wyvern zombie (D:9)
  Dowan (D:5)
  A water moccasin zombie (D:5)
  4 scorpions
  38 killer bees
  13 wights
  2 howler monkeys (D:10)
  2 electric eels (Lair:1)
  11 crimson imps
  4 jellies
  A bullfrog zombie (D:10)
  24 hounds
  2 quasits
  12 orc priests
  3 centaur skeletons
  6 iguanas
  23 orc wizards
  8 worker ants
  8 small abominations (Depths:2)
  A hound zombie (D:8)
  2 hound skeletons
  A howler monkey zombie (D:11)
  3 gnolls (D:5)
  16 adders
  3 shadow imps
  5 oozes
  An adder zombie (D:7)
  2 adder skeletons
  3 worms
  2 dart slugs (D:1)
  5 leopard geckos
  75 orcs
  4 giant cockroaches
  3 goblins
  2 hobgoblins (D:2)
  10 jackals
  18 kobolds
  4 quokkas
  5 ball pythons
  5 bats
  13 frilled lizards
  A quokka skeleton (D:8)
  7 rats
  A briar patch (Swamp:2)
  A plant (Lair:2)
1471 creatures vanquished.

Vanquished Creatures (collateral kills)
  Rupert (Lair:6)
  A tengu reaver (Depths:3)
  Donald (Vaults:2)
  3 nagarajas
  A revenant (Vaults:2)
  An orc warlord (Orc:2)
  A balrug (Depths:1)
  An ironheart preserver (Vaults:4)
  An eidolon (Vaults:2)
  The ghost of Dipster the Cleaver, a journeyman DsGl of Okawaru (Lair:2)
  A yaktaur captain (Vaults:3)
  10 hydras
  A ghost crab (Swamp:3)
  5 death yaks (Lair:4)
  A tengu warrior (Depths:2)
  2 naga sharpshooters
  A shock serpent (Snake:1)
  A hell knight (Depths:3)
  2 salamander mystics
  2 swamp dragons (Swamp:4)
  4 naga ritualists
  An orc knight (Orc:1)
  A shambling mangrove (Swamp:3)
  A mana viper (Snake:4)
  A cyclops (D:13)
  A deep elf mage (Vaults:1)
  3 orc sorcerers
  A salamander (Snake:2)
  10 ugly things
  2 elephants (Lair:6)
  A vault sentinel (Vaults:2)
  5 black mambas
  6 naga magi
  2 torpor snails (Lair:6)
  3 yaktaurs
  2 polar bears
  A two-headed ogre (Vaults:3)
  3 tyrant leeches
  7 hornets
  A hippogriff (Lair:6)
  5 slime creatures
  3 blink frogs
  A dream sheep (Lair:3)
  2 spriggans
  A shadow (D:13)
  5 yaks
  2 basilisks (Lair:4)
  2 wargs (Orc:2)
  10 nagas
  A water moccasin (Lair:6)
  2 porcupines
  12 orc warriors
  3 swamp drakes (Swamp:4)
  A black bear (shapeshifter) (Depths:1)
  2 black bears (Lair:6)
  3 ogres
  A crocodile (Lair:6)
  A bullfrog (D:10)
  2 killer bees (D:13)
  An electric eel (Lair:2)
  A crimson imp (D:13)
  A centaur zombie (D:10)
  A bullfrog skeleton (D:10)
  3 orc wizards
  5 orc priests
  A worker ant (D:13)
  An adder (Lair:2)
  A river rat (D:10)
  17 orcs
  A fungus (Lair:6)
186 creatures vanquished.

Vanquished Creatures (others)
  Asterion (Depths:3)
  A naga warrior (Snake:4)
  A wizard (Depths:1)
  A naga mage (Snake:4)
  A komodo dragon (Lair:6)
  A killer bee (D:13)
  An orc (Orc:2)
  19 fungi
  44 plants
70 creatures vanquished.

Grand Total: 1727 creatures vanquished

Notes
Turn   | Place    | Note
-------+----------+-------------------------------------------
     0 | D:1      | TheGoonsmith the Demonspawn Gladiator began the quest for the Orb.
     0 | D:1      | Reached XP level 1. HP: 16/16 MP: 1/1
   247 | D:1      | Gained mutation: You are slightly more attuned to the shadows. [demonic ancestry]
   247 | D:1      | Reached XP level 2. HP: 21/22 MP: 2/2
   712 | D:2      | Reached XP level 3. HP: 28/28 MP: 3/3
   980 | D:2      | HP: 1/28 [hound (2)]
   982 | D:2      | Gained mutation: You have sharp fingernails. [demonic ancestry]
   982 | D:2      | Reached XP level 4. HP: 2/35 MP: 4/4
  1076 | D:2      | Found a burning altar of Makhleb.
  1113 | D:2      | Became a worshipper of Makhleb the Destroyer
  2471 | D:4      | Gained mutation: You have very sharp fingernails. [demonic ancestry]
  2471 | D:4      | Reached XP level 5. HP: 26/41 MP: 5/5
  2576 | D:4      | Reached * piety under Makhleb
  2706 | D:4      | Found a bloodstained altar of Trog.
  2797 | D:4      | Reached skill level 5 in Staves
  2818 | D:4      | Noticed a phantom
  2832 | D:4      | Killed a phantom
  2832 | D:4      | Gained mutation: You have claws for hands. [demonic ancestry]
  2832 | D:4      | Reached XP level 6. HP: 41/48 MP: 6/6
  3073 | D:4      | Found a basalt altar of Yredelemnul.
  3200 | D:5      | Entered Level 5 of the Dungeon
  3218 | D:5      | Noticed Blork the orc
  3230 | D:5      | Killed Blork the orc
  3235 | D:5      | Reached XP level 7. HP: 35/55 MP: 7/7
  3322 | D:5      | Noticed Duvessa
  3322 | D:5      | Noticed Dowan
  3351 | D:5      | Killed Duvessa
  3357 | D:5      | Reached skill level 5 in Fighting
  3362 | D:5      | Killed Dowan
  3556 | D:5      | Reached ** piety under Makhleb
  3596 | D:5      | Reached XP level 8. HP: 63/63 MP: 8/8
  3838 | D:5      | Reached skill level 1 in Invocations
  4195 | D:6      | Noticed Grinder
  4213 | D:6      | Paralysed by Grinder for 2 turns
  4220 | D:6      | Killed Grinder
  4220 | D:6      | Reached skill level 2 in Invocations
  4230 | D:6      | Found a white marble altar of Elyvilon.
  4234 | D:6      | Reached skill level 3 in Invocations
  4432 | D:5      | Reached skill level 4 in Invocations
  4483 | D:6      | Found a staircase to the Ecumenical Temple.
  4654 | D:6      | Noticed Menkaure
  4666 | D:6      | Killed Menkaure
  4666 | D:6      | Gained mutation: When seriously injured, your bleeding wounds create armour. (AC +12) [demonic ancestry]
  4666 | D:6      | Reached XP level 9. HP: 43/69 MP: 12/12
  4871 | D:6      | Found a bloodstained altar of Trog.
  4915 | D:6      | Reached skill level 5 in Invocations
  5041 | D:6      | Found a glowing silver altar of Zin.
  5199 | D:6      | Reached skill level 1 in Armour
  5281 | D:7      | Reached skill level 10 in Staves
  5291 | D:7      | Reached *** piety under Makhleb
  5494 | D:7      | Noticed a troll
  5728 | D:7      | Killed a troll
  5987 | D:8      | Gained mutation: A weak demonic guardian rushes to your aid. [demonic ancestry]
  5987 | D:8      | Reached XP level 10. HP: 76/76 MP: 13/13
  6130 | D:8      | Found a blossoming altar of Fedhas.
  6320 | D:8      | Identified 2 scrolls of acquirement
  6325 | D:8      | Got a crude cloak
  6352 | D:8      | Identified the +1 cloak of Ashenzari's Whim {MR+} (You acquired it on level 8 of the Dungeon)
  6376 | D:8      | Reached skill level 6 in Invocations
  6419 | D:8      | Reached **** piety under Makhleb
  6673 | D:8      | You fall through a shaft for 3 floors!
  6719 | D:10     | Entered Level 10 of the Dungeon
  6932 | D:10     | Reached skill level 7 in Invocations
  7094 | D:9      | Noticed Erica
  7113 | D:9      | Killed Erica
  7113 | D:9      | Reached skill level 8 in Invocations
  7246 | D:9      | Reached ***** piety under Makhleb
  7267 | D:9      | Found a hazy altar of Hepliaklqana.
  7564 | D:9      | Found a hide-covered altar of Uskayaw.
  7902 | D:10     | Noticed a hill giant
  7914 | D:10     | Killed a hill giant
  7914 | D:10     | Gained mutation: You are significantly more attuned to the shadows. [demonic ancestry]
  7914 | D:10     | Reached XP level 11. HP: 81/81 MP: 17/17
  8286 | D:11     | Noticed Jraekied's ghost (novice DsHu)
  8300 | D:11     | Killed Jraekied's ghost
  8339 | D:11     | Found a staircase to the Lair.
  8374 | D:11     | Noticed tijit's ghost (journeyman OpAs)
  8390 | D:11     | Killed tijit's ghost
  8529 | D:11     | Found a staircase to the Orcish Mines.
  8849 | D:11     | Noticed a hill giant
  8858 | D:11     | Killed a hill giant
  8867 | D:11     | Noticed a tengu warrior
  8889 | D:11     | Killed a tengu warrior
  9008 | Lair:1   | Entered Level 1 of the Lair of Beasts
  9152 | Lair:1   | Found an ancient bone altar of Kikubaaqudgha.
  9368 | Lair:1   | Reached skill level 5 in Dodging
  9980 | Lair:1   | Reached XP level 12. HP: 91/91 MP: 18/18
 10317 | Lair:2   | Noticed Dipster's ghost (journeyman DsGl)
 10350 | Lair:2   | Killed Dipster's ghost
 10362 | Lair:2   | Reached skill level 9 in Invocations
 10403 | Lair:2   | Found a staircase to the Snake Pit.
 10752 | Lair:2   | Found a staircase to the Swamp.
 10757 | Lair:2   | Reached skill level 10 in Invocations
 11585 | Lair:3   | Reached skill level 10 in Fighting
 11585 | Lair:3   | Reached skill level 11 in Invocations
 11774 | Lair:3   | Noticed a four-headed hydra
 11779 | Lair:3   | Killed a four-headed hydra
 12280 | Lair:4   | Reached skill level 5 in Armour
 12378 | Lair:4   | Noticed a death yak
 12379 | Lair:4   | Noticed a death yak
 12381 | Lair:4   | Noticed a death yak
 12382 | Lair:4   | Noticed a death yak
 12383 | Lair:4   | Noticed a death yak
 12390 | Lair:4   | Killed a death yak
 12395 | Lair:4   | Killed a death yak
 12395 | Lair:4   | Killed a death yak
 12395 | Lair:4   | Killed a death yak
 12395 | Lair:4   | Reached skill level 12 in Invocations
 12396 | Lair:4   | Killed a death yak
 12396 | Lair:4   | Gained mutation: A demonic guardian rushes to your aid. [demonic ancestry]
 12396 | Lair:4   | Reached XP level 13. HP: 33/103 MP: 20/22
 13402 | Lair:5   | Found a blossoming altar of Fedhas.
 13517 | Lair:5   | Found a staircase to the Slime Pits.
 13557 | Lair:5   | Reached ****** piety under Makhleb
 14121 | Lair:6   | Entered Level 6 of the Lair of Beasts
 14136 | Lair:6   | Noticed Rupert
 14140 | Lair:6   | Noticed a balrug
 14143 | Lair:6   | Noticed a green death
 14327 | Lair:6   | Reached skill level 13 in Invocations
 14567 | Lair:6   | Killed Rupert
 14605 | Lair:6   | Reached skill level 14 in Invocations
 14728 | Lair:6   | Noticed Josephine
 14738 | Lair:6   | Killed Josephine
 14769 | Lair:6   | Paralysed by a hornet for 3 turns
 14915 | Lair:6   | Reached skill level 15 in Invocations
 15056 | Lair:6   | Paralysed by a hornet for 2 turns
 15278 | Lair:6   | Gained mutation: When seriously injured, your bleeding wounds create thick armour. (AC +12) [demonic ancestry]
 15278 | Lair:6   | Reached XP level 14. HP: 110/110 MP: 25/25
 15767 | Lair:6   | Found a runed door.
 15797 | Lair:6   | Reached skill level 16 in Invocations
 15903 | Lair:6   | Got a warped scale mail
 16342 | Orc:1    | Entered Level 1 of the Orcish Mines
 16751 | Orc:2    | Entered Level 2 of the Orcish Mines
 16846 | Orc:2    | Found a staircase to the Elven Halls.
 16890 | Orc:2    | Noticed Erolcha
 16896 | Orc:2    | Killed Erolcha
 17117 | Orc:2    | Found a roughly hewn altar of Beogh.
 17189 | Orc:2    | Found a roughly hewn altar of Beogh.
 17252 | Orc:2    | Found a roughly hewn altar of Beogh.
 17337 | Orc:2    | Found Siorofof's Jewellery Shoppe.
 17367 | Orc:2    | Found a roughly hewn altar of Beogh.
 17424 | Orc:2    | Noticed an orc warlord
 17438 | Orc:2    | Killed an orc warlord
 17507 | Orc:2    | Found Laumaher's Antique Weapon Boutique.
 17508 | Orc:2    | Found a roughly hewn altar of Beogh.
 17509 | Orc:2    | Found Subleoxu's Antique Armour Shop.
 17516 | Orc:2    | Bought a pair of boots for 112 gold pieces
 17567 | Orc:2    | Found a roughly hewn altar of Beogh.
 17600 | Orc:2    | Found a roughly hewn altar of Beogh.
 17614 | Orc:2    | Found Suynk's Antique Weapon Shop.
 17709 | Orc:2    | Bought a distressingly furry cloak for 237 gold pieces
 17720 | Orc:2    | Identified the +0 cloak "Ugahah" {+Inv rC+ Int-4} (You bought it in a shop on level 2 of the Orcish Mines)
 17740 | Orc:2    | Identified the +5 scale mail of Crawling {rPois rF+ Int-2} (You found it on level 6 of the Lair of Beasts)
 17801 | Orc:2    | Bought the ring of Echiocuf {rF+ rN+ MR+ Dex+2} for 657 gold pieces
 17801 | Orc:2    | Bought the amulet of Liberty {+Rage rPois Str+4 Dex-4} for 768 gold pieces
 18110 | D:12     | Noticed Maurice
 18131 | D:12     | Killed Maurice
 18984 | D:12     | Reached skill level 10 in Armour
 19084 | D:13     | Found a labyrinth entrance.
 19090 | Lab      | Entered a labyrinth
 19196 | Lab      | Found an exit through the horrors of the Abyss.
 19502 | D:13     | Found a flickering gateway to a bazaar.
 19517 | Bazaar   | Entered a bazaar
 19525 | Bazaar   | Found Hoeqoffe's Food Emporium.
 19529 | Bazaar   | Found Gaicoh's Gadget Emporium.
 19535 | Bazaar   | Found Norghed's Magic Scroll Shop.
 19545 | Bazaar   | Bought a scroll of enchant weapon for 67 gold pieces
 19545 | Bazaar   | Bought a scroll of blinking for 67 gold pieces
 19545 | Bazaar   | Bought a scroll of teleportation for 27 gold pieces
 19545 | Bazaar   | Bought a scroll of identify for 18 gold pieces
 19563 | Bazaar   | Found Rity's Weapon Boutique.
 19572 | Bazaar   | Found Xupuakhau's Gadget Boutique.
 19620 | Bazaar   | Bought a wand of teleportation (5/9) for 243 gold pieces
 19736 | D:13     | Identified a +2 rod of shadows (11/11) (You took it off a minotaur in a labyrinth)
 19847 | D:13     | Reached XP level 15. HP: 118/120 MP: 27/27
 19891 | D:13     | Found a gate to the Vaults.
 20167 | D:13     | HP: 3/120 [poisoned by a meliai]
 21804 | D:14     | Found Wehoc's General Store.
 21807 | D:14     | Bought a scroll of identify for 26 gold pieces
 21811 | D:14     | Got a polished hat
 21822 | D:14     | Identified the +0 hat of Impressiveness {Stlth+} (You acquired it on level 14 of the Dungeon)
 22165 | D:15     | Entered Level 15 of the Dungeon
 22481 | D:15     | Found a glowing silver altar of Zin.
 22568 | D:15     | Found Zaotuof's Gadget Shoppe.
 23022 | D:15     | Found a staircase to the Depths.
 23269 | D:15     | Got a shimmering silver ring
 23526 | Lair:1   | Identified the ring "Arghuifi" {Ice rN+ MR+ MP+9 Str+3} (You found it on level 15 of the Dungeon)
 23548 | Lair:1   | Learned a level 2 spell: Repel Missiles
 23551 | Lair:1   | Learned a level 2 spell: Swiftness
 23600 | Snake:1  | Entered Level 1 of the Snake Pit
 23715 | Snake:1  | Got a jewelled plate armour
 23722 | Snake:1  | Identified the +1 plate armour "Rosomy Otes" {rCorr} (You found it on level 1 of the Snake Pit)
 24650 | Snake:2  | Reached XP level 16. HP: 134/134 MP: 28/28
 24814 | Snake:2  | Reached skill level 15 in Fighting
 26270 | Snake:3  | Noticed Vashnia
 26318 | Snake:3  | Killed Vashnia
 26421 | Snake:4  | Entered Level 4 of the Snake Pit
 26488 | Snake:4  | Reached skill level 10 in Dodging
 26780 | Snake:4  | Reached skill level 17 in Invocations
 27535 | Snake:4  | Gained mutation: When seriously injured, your bleeding wounds create very thick armour. (AC +12) [demonic ancestry]
 27535 | Snake:4  | Reached XP level 17. HP: 36/142 MP: 29/29
 28899 | Snake:4  | Got a serpentine rune of Zot
 29493 | Swamp:1  | Entered Level 1 of the Swamp
 29647 | Swamp:1  | Reached skill level 18 in Invocations
 32168 | Swamp:4  | Entered Level 4 of the Swamp
 33035 | Swamp:4  | Reached XP level 18. HP: 153/153 MP: 31/31
 33688 | Swamp:4  | Got a decaying rune of Zot
 34013 | Vaults:1 | Entered Level 1 of the Vaults
 34705 | Vaults:1 | Reached skill level 19 in Invocations
 34775 | Vaults:1 | Noticed a lich
 34783 | Vaults:1 | Killed a lich
 35377 | Vaults:2 | Noticed Donald
 35394 | Vaults:2 | Killed Donald
 35763 | Vaults:2 | Noticed a lich
 35781 | Vaults:2 | Killed a lich
 36159 | Vaults:2 | Found a staircase to the Crypt.
 36341 | Vaults:2 | Found a hazy altar of Hepliaklqana.
 37201 | Vaults:3 | Reached XP level 19. HP: 161/161 MP: 32/32
 37551 | Vaults:3 | Reached skill level 20 in Invocations
 37829 | Vaults:3 | Got a flickering platinum amulet
 37830 | Vaults:3 | Identified the amulet "Funoakil" {Faith Str+5} (You acquired it on level 3 of the Vaults)
 38919 | Vaults:4 | Reached skill level 15 in Armour
 39322 | Vaults:4 | Found Utul's Assorted Antiques.
 39328 | Vaults:4 | Bought a potion of curing for 102 gold pieces
 39328 | Vaults:4 | Bought a scroll of identify for 68 gold pieces
 39328 | Vaults:4 | Bought a potion of resistance for 340 gold pieces
 39328 | Vaults:4 | Bought a scroll of identify for 68 gold pieces
 39638 | Depths:1 | Entered Level 1 of the Depths
 39801 | Depths:1 | Found a gateway to Hell.
 40245 | Depths:1 | Found a one-way gate leading to the halls of Pandemonium.
 40254 | Depths:1 | Gained mutation: You are completely attuned to the shadows. [demonic ancestry]
 40254 | Depths:1 | Reached XP level 20. HP: 170/170 MP: 34/34
 40464 | Depths:1 | Found a glowing golden altar of the Shining One.
 40890 | Depths:2 | Reached skill level 21 in Invocations
 40973 | Depths:2 | Identified a +1 rod of inaccuracy (14/14) (You found it on level 2 of the Depths)
 41088 | Depths:2 | Noticed a golden dragon
 41101 | Depths:2 | Killed a golden dragon
 41106 | Depths:2 | Noticed a golden dragon
 41117 | Depths:2 | Noticed a golden dragon
 41119 | Depths:2 | Killed a golden dragon
 41130 | Depths:2 | Noticed a golden dragon
 41143 | Depths:2 | Killed a golden dragon
 41217 | Depths:2 | Killed a golden dragon
 42261 | Depths:2 | Found a one-way gate to the infinite horrors of the Abyss.
 42780 | Depths:3 | Gained mutation: Your magical and physical power is slightly enhanced at high health. [demonic ancestry]
 42780 | Depths:3 | Reached XP level 21. HP: 178/178 MP: 35/35
 42885 | Depths:3 | Reached skill level 15 in Dodging
 42915 | Depths:3 | Found a white marble altar of Elyvilon.
 43019 | Depths:3 | Reached skill level 22 in Invocations
 43031 | Depths:3 | Found a blossoming altar of Fedhas.
 43118 | Depths:3 | Noticed Asterion
 43123 | Depths:3 | Killed Asterion
 43644 | Depths:3 | HP: 7/180 [spriggan berserker/quarterstaff (19)]
 44552 | Depths:4 | Found a corrupted altar of Lugonu.
 44823 | Depths:4 | HP: 1/180 [ice dragon/blast of cold[a boggart] (38)]
 44851 | Depths:4 | HP: 4/180 [cyan very ugly thing (20)]
 44852 | Depths:4 | Mangled by a cyan very ugly thing

Vault maps used:
D:1:      grunt_arrival_crossed_arrows
D:2:      first_bread, makhleb_heckhound_becter
D:4:      marbit_many_paths, kennysheep_mini_moat
D:5:      uniq_duvessa, uniq_blork_the_orc
D:6:      overflow_temple_1_default, zin_statuary, basic_altar, uniq_grinder,
          uniq_menkaure
D:8:      fedhas_bush_and_centaur_altar
D:9:      kennysheep_mini, basic_altar, uniq_erica
D:10:     pond
D:11:     david_lair_generic, orc_0_dummy, grunt_tengu_nest
D:12:     minmay_variable_closet, uniq_maurice
D:13:     regret_index_wax_grids, erik_vaults_1, lab_entry_generic,
          serial_shops, bzr_in_the_mist, minivault_5
D:14:     serial_shops, nicolae_shop_trees, kennysheep_minor_cross,
          kennysheep_pointless_box, item_on_display_a
D:15:     grunt_enter_depths_magical_seal, zin_angel, serial_shops,
          shop_fountains, minmay_misc_feat_doors, st_stairs_13
Lair:1:   basic_altar, serial_bayou_lake_a, infiniplex_staircase_pool_2
Lair:2:   minmay_swamp_entry_reptiles, minmay_snake_entry_six_corridors,
          infiniplex_staircase_pool
Lair:4:   fungi_pond_lemuel, kennysheep_basilisk_garden
Lair:5:   nicolae_slime_entry_slimehenge, basic_altar
Lair:6:   wormcave, hangedman_lair_caniforms_friends, special_room,
          uniq_josephine, uniq_rupert
Swamp:1:  evilmike_swamp_ruin_house_6
Swamp:2:  evilmike_swamp_ruin_house_1
Swamp:3:  evilmike_swamp_ruin_house_4
Swamp:4:  swamp
Snake:1:  serial_bayou_pond_d, grunt_megastairs_2
Snake:2:  cheibrodos_snake_lava_hold, grunt_ministairs_9,
          nicolae_snake_double_loop
Snake:3:  uniq_vashnia
Snake:4:  johnstein_snake_rune_scales, basic_stair_grate_trap
Orc:2:    grunt_orc_community_town_hall, grunt_orc_community_big_house_2,
          grunt_orc_community_big_house_1, grunt_orc_community_house_2,
          grunt_orc_community_house_1, grunt_orc_community_house_2,
          grunt_orc_community_house_3, uniq_erolcha
Vaults:1: nicolae_vaults_yaktaur_gun_rack, v_misc_13, hangedman_vaults_pinch,
          nicolae_vaults_network_periphery, st_octagons_1,
          hangedman_vaults_snaps, v_pattern_2, vaults_room_pools, v_misc_27,
          nicolae_vaults_shelves_hall, ontoclasm_vaults_gateway,
          vaults_dpeg_cross
Vaults:2: ontoclasm_vaults_misaligned, ontoclasm_vaults_ring_square,
          v_pattern_3, st_cells, minmay_crypt_entry_simple_round,
          nicolae_vaults_circle_grid_a, vaults_dpeg_ring,
          vaults_room_semicircle, basic_altar, uniq_donald
Vaults:3: v_alt_pattern_6, v_misc_22, nicolae_vaults_windows_and_doors_thing,
          v_pattern_5, v_misc_12, vaults_dpeg_doors, v_misc_26,
          nicolae_vaults_ninety_degrees, vaults_room_hallway
Vaults:4: dpeg_vaults_monster_row, nicolae_vaults_hallways_thing,
          nicolae_vaults_an_arrangement, v_misc_13, v_misc_3, v_misc_9,
          v_misc_31, vaults_dpeg_diagonal, nicolae_vaults_little_squares_1,
          hangedman_vaults_maws, nicolae_vaults_diagonal_hallway_7, v_misc_2,
          serial_shops, shop
Depths:1: lightli_too_deep, minmay_misc_feat_plants, rand_demon_pan_entry_9,
          tso_metal_star
Depths:2: angbandy_vault, pf_coc_iceberg, nicolae_water_bricks,
          minmay_room_of_horrors, minmay_metal_thing,
          infiniplex_staircase_spiral_double
Depths:3: minmay_box_of_statues, pan_entry, hell_entry,
          hangedman_feature_mirror, grunt_megastairs_4, uniq_asterion
Depths:4: evilmike_diamond_2, enter_ziggurat_a, abyss_entry_flame_altar,
          hell_entry, infiniplex_staircase_zigzag_1
Lab:      labyrinth_spiral, labyrinth_fake_exit, nicolae_lab_do_over,
          lab_fountain, nicolae_lab_swirl, nicolae_lab_grate
Bazaar:   bazaar_kb_twisted_cavern

Skill      XL: |  1  2  3  4  5  6  7  8  9 10 11 12 13 14 15 16 17 18 19 20 21 |
---------------+----------------------------------------------------------------+-----
Staves         | 3 4 5 6 7 9 11 12 14 | 14.0
Fighting       | 3 4 5 6 7 10 11 14 15 16 17 18 19 | 19.2
Invocations    | 4 5 8 12 15 16 17 18 19 20 21 22 | 22.5
Armour         | 2 3 4 5 8 10 11 12 13 14 15 16 | 16.7
Dodging        | 3 5 6 7 10 11 13 14 15 | 15.4
Throwing       | |  1.7

Action                   |  1- 3 |  4- 6 |  7- 9 | 10-12 | 13-15 | 16-18 | 19-21 || total
-------------------------+-------+-------+-------+-------+-------+-------+-------++-------
Melee: Quarterstaff      |    81 |   169 |   482 |    34 |       |       |       ||   766
       Lajatang          |       |       |       |   706 |  1885 |  2158 |  1946 ||  6695
Throw: Tomahawk          |       |     5 |     1 |       |       |       |       ||     6
       Throwing net      |       |     1 |       |       |       |       |       ||     1
Invok: Minor Destruction |       |       |     4 |    18 |       |    21 |       ||    43
       Major Destruction |       |       |       |     4 |    25 |    11 |       ||    40
       Lesser Servant of |       |       |       |     2 |       |       |       ||     2
       Greater Servant o |       |       |       |     1 |     7 |    13 |       ||    21
Evoke: Wand              |       |       |       |       |     1 |       |       ||     1
  Use: Scroll            |       |    10 |     1 |    17 |    24 |    12 |    10 ||    74
       Potion            |       |       |     4 |     3 |     3 |     4 |     7 ||    21
 Stab: Sleeping          |     6 |     2 |       |       |       |       |       ||     8
       Held in net/web   |       |     1 |       |       |       |       |       ||     1
       Distracted        |       |       |       |     6 |     7 |    15 |     3 ||    31
       Confused          |       |       |       |       |     1 |       |       ||     1
  Eat: Chunk             |       |     8 |     9 |    22 |    19 |     9 |    21 ||    88
       Royal jelly       |       |       |       |       |     5 |       |       ||     5
       Meat ration       |       |       |       |       |     2 |     4 |     1 ||     7
       Beef jerky        |       |       |       |       |     1 |       |       ||     1
       Bread ration      |       |       |       |       |       |     3 |       ||     3
Armor: Leather armour    |    23 |     6 |       |       |       |       |       ||    29
       Ring mail         |       |    29 |       |       |       |       |       ||    29
       Chain mail        |       |    18 |   243 |   323 |   414 |       |       ||   998
       Skin              |       |       |    10 |       |       |       |       ||    10
       Crystal plate arm |       |       |       |       |   575 |  1109 |   650 ||  2334
Dodge: Dodged            |    54 |    82 |   297 |   425 |  1153 |  1112 |   906 ||  4029
